 Dungeon Crawl Stone Soup version 0.29-a0-451-gfbfa42419e (console) character file.

Game seed: 15425579590689183606

15 Faeu the Caller (level 2, 0/19 HPs)
             Began as a Merfolk Summoner on May 19, 2022.
             Slain by a quokka (4 damage)
             ... on level 1 of the Dungeon.
             The game lasted 00:04:43 (1634 turns).

Faeu the Caller (Merfolk Summoner)                  Turns: 1634, Time: 00:04:43

Health: 0/19       AC:  2    Str:  8    XL:     2   Next: 50%
Magic:  5/5        EV: 12    Int: 14    God:
Gold:   31         SH:  3    Dex: 14    Spells: 4/5 levels left

rFire   . . .      SeeInvis .   d - +0 club
rCold   . . .      Faith    .   e - +0 buckler
rNeg    . . .      Spirit   .   a - +0 robe
rPois   .          Reflect  .   (no helmet)
rElec   .          Harm     .   (no cloak)
rCorr   .          Rampage  .   (no gloves)
Will    .....                   (no boots)
Stlth   ++........              (no amulet)
HPRegen 0.06/turn               (no ring)
MPRegen 0.09/turn               (no ring)

@: no status effects
A: (nimble swimmer 2), mertail
a: no special abilities


You were on level 1 of the Dungeon.
You visited 1 branch of the dungeon, and saw 1 of its levels.

You collected 31 gold pieces.

Inventory:

Hand Weapons
 d - a +0 club (weapon)
Armour
 a - a +0 robe (worn)
 e - a +0 buckler (worn)
Scrolls
 c - a scroll of teleportation {unknown}
Potions
 b - a potion of magic
 f - a potion of attraction {unknown}


   Skills:
 + Level 3.1 Dodging
 + Level 2.6 Stealth
 + Level 2.2 Spellcasting
 + Level 4.1 Summonings


You had 4 spell levels left.
You knew the following spells:

 Your Spells              Type           Power      Damage    Failure   Level
a - Summon Small Mammal   Summ           52%        N/A       6%          1

Your spell library contained the following spells:

 Spells                   Type           Power      Damage    Failure   Level
 Call Imp                 Summ           13%        N/A       9%          2
 Call Canine Familiar     Summ           13%        N/A       17%         3
 Summon Guardian Golem    Hex/Summ       7%         N/A       38%         3
 Summon Lightning Spire   Summ/Air       7%         N/A       80%         4


Dungeon Overview and Level Annotations

Branches:
Dungeon (1/15)

Altars:


Innate Abilities, Weirdness & Mutations

((You are very nimble when in or above water. (Stealth+, EV+, Speed+++)))
Your lower body shifts to a powerful aquatic tail in water.


Message History

A quokka comes into view.
Found a scroll labelled YMOIMI CEMM.
There is an open door here.
The helpless quokka fails to defend itself.
You hit the quokka.
The quokka is moderately wounded.
The quokka closely misses you. The quokka barely misses you.
You hit the quokka but do no damage.
The quokka is moderately wounded.
The quokka misses you.
You barely miss the quokka.
The quokka is moderately wounded.
The quokka closely misses you. x2
You hit the quokka but do no damage.
The quokka is moderately wounded.
You block the quokka's attack. The quokka bites you.
You hit the quokka.
The quokka is heavily wounded.
You block the quokka's attack.
You completely miss the quokka.
The quokka is moderately wounded.
The quokka barely misses you. The quokka bites you.
You closely miss the quokka. The quokka closely misses you.
You barely miss the quokka. The quokka closely misses you.
The quokka misses you.
You hit the quokka.
The quokka is moderately wounded.
The quokka completely misses you. The quokka barely misses you.
You barely miss the quokka.
The quokka is moderately wounded.
The quokka closely misses you.
You hit the quokka but do no damage.
The quokka is moderately wounded.
The quokka bites you. x2
* * * LOW HITPOINT WARNING * * *
You hit the quokka.
The quokka is heavily wounded.
The quokka bites you but does no damage.
The quokka bites you.
You die...

#.#.# #.#.# ####.#.#
#......# #####..###
.##P.##..# .#....#..#
.##PP##..# ####### #
##..# #...?r# #...# #@#
#.#.# ###'#### #.#.# ###
#......# #.#.# #.. #..
#......# #.#.###.# ..
#......# #.#......
#.#.###.########.#####..
+.....>.............>#..
#..####.#.######.###.#..
.........# #.# #.#.#
##.###.########.# #.#.#
#
#...............###.#.#


You could see a quokka.

Vanquished Creatures
  A bat (D:1)
  A kobold (D:1)
  4 ball pythons (D:1)
  A rat (D:1)
7 creatures vanquished.

Vanquished Creatures (collateral kills)
  A bat (D:1)
  A giant cockroach (D:1)
  2 goblins (D:1)
  A quokka (D:1)
  A ball python (D:1)
  A kobold (D:1)
  A rat (D:1)
8 creatures vanquished.

Grand Total: 15 creatures vanquished

Notes
Turn   | Place    | Note
-------+----------+-------------------------------------------
     0 | D:1      | Faeu the Merfolk Summoner began the quest for the Orb.
     0 | D:1      | Reached XP level 1. HP: 13/13 MP: 3/3
   822 | D:1      | Reached XP level 2. HP: 11/19 MP: 1/5
  1634 | D:1      | Slain by a quokka

Illustrated notes

Levels and vault maps discovered:
D:1:      dpeg_arrival_three_same_balls, layout_basic, serial_aquarium,
          aquarium_bridge_square [aquarium_subvault_bridge,
          aquarium_subvault_wall, aquarium_subvault_window,
          aquarium_subvault_bridge], aquarium_window_fake, aquarium_window_2,
          aquarium_view_2d, minmay_misc_feat_diagonals

Skill      XL: |  1  2 |
---------------+-------+-----
Dodging        | 3 |  3.1
Stealth        | |  2.6
Spellcasting   | |  2.2
Summonings     | |  4.1

Action                   || total
-------------------------++-------
Melee: Unarmed           ||    10
       Club              ||    47
 Cast: Summon Small Mamm ||    26
 Stab: Sleeping          ||     3
Armor: Robe              ||    32
Dodge: Dodged            ||    69
Block: Buckler           ||     9

Table legend: (Time is in decaauts)
 A = Elapsed time spent in this place.
 B = Non-inter-level travel time spent in this place.
 C = Inter-level travel time spent in this place.
 D = Time resting spent in this place.
 E = Time spent auto-exploring this place.
 F = Levels seen in this place.
 G = Mean time per level.
                   A        B        C        D        E       F      G
               +--------+--------+--------+--------+--------+-----+--------+
         Total |   1649 |   1649 |      0 |    363 |    870 |   1 | 1649.0 |
       Dungeon |   1649 |   1649 |      0 |    363 |    870 |   1 | 1649.0 |
               +--------+--------+--------+--------+--------+-----+--------+

Top non-repeatable levels by time:
     D:1: 1649 daAuts
